 Dungeon Crawl Stone Soup version 0.24-a0-282-g1a68c91 (webtiles) character file.

Game seed: 14954773415701556884

3857 galech the Cleaver (level 9, -5/68 HPs)
             Began as a Demonspawn Fighter on May 2, 2019.
             Was an Elder of Okawaru.
             Slain by a death yak (9 damage)
             ... on level 10 of the Dungeon.
             The game lasted 00:09:23 (7807 turns).

galech the Cleaver (Demonspawn Fighter)             Turns: 7807, Time: 00:09:24

Health: -5/68      AC: 22    Str: 23    XL:     9   Next: 99%
Magic:  0/9        EV: 14    Int: 11    God:    Okawaru [****..]
Gold:   512        SH: 13    Dex: 15    Spells: 8/8 levels left

rFire    . . .     SeeInvis .   a - +0 war axe
rCold    . . .     Gourm    .   c - +0 shield
rNeg     . . .     Faith    .   M - +3 ring mail
rPois    .         Spirit   +   D - +0 helmet
rElec    .         Reflect  .   h - +0 cloak
rCorr    .         Harm     .   (no gloves)
MR       .....                  (no boots)
Stlth    ++........             L - amulet of magic regeneration
HPRegen  0.21/turn              G - +3 ring of strength
MPRegen  0.36/turn              N - +4 ring of strength

@: heroism, sanguine armour, lightly drained
A: claws 1, magic shield, rot immunity, sanguine armour 2
a: Heroism, Renounce Religion


You were on level 10 of the Dungeon.
You worshipped Okawaru.
Okawaru was greatly pleased with you.
You were not hungry.

You visited 2 branches of the dungeon, and saw 11 of its levels.

You collected 512 gold pieces.

Inventory:

Hand Weapons
 a - a +0 war axe (weapon)
Armour
 c - a +0 shield (worn)
 h - a +0 cloak (worn)
 D - a +0 helmet (worn)
 K - a +0 plate armour
 M - a +3 ring mail (worn)
Jewellery
 j - an uncursed ring of poison resistance
 q - a +4 ring of intelligence
 t - an uncursed amulet of the gourmand
 G - a +3 ring of strength (left claw)
 H - an uncursed ring of stealth
 L - an amulet of magic regeneration (around neck)
 N - a +4 ring of strength (right claw)
Wands
 y - a wand of flame (13)
 E - a wand of iceblast (29)
 I - a wand of digging (4)
Scrolls
 g - 2 scrolls of random uselessness
 k - 4 scrolls of remove curse
 l - a scroll of enchant armour {unknown}
 o - 5 scrolls of amnesia
 p - 2 scrolls of teleportation {unknown}
 r - 6 scrolls of identify {unknown}
 s - 2 scrolls of immolation {unknown}
 v - 2 scrolls of enchant weapon {unknown}
 x - 3 scrolls of blinking {unknown}
 z - a scroll of noise {unknown}
 C - 2 scrolls of fear {unknown}
 O - a scroll of fog {unknown}
Potions
 b - a potion of mutation {unknown}
 d - 3 potions of might
 e - a potion of curing {unknown}
 i - a potion of cancellation {unknown}
 m - 2 potions of degeneration {unknown}
 n - 2 potions of ambrosia {unknown}
 u - 2 potions of magic {unknown}
 w - 3 potions of agility {unknown}
 A - 4 potions of heal wounds {unknown}
 B - 3 potions of brilliance {unknown}
 F - 2 potions of flight {unknown}
 J - a potion of haste {unknown}
Comestibles
 f - 23 rations


   Skills:
 + Level 5.6(10.1) Fighting
 + Level 9.1(13.6) Axes
 + Level 6.2(10.7) Armour
 + Level 2.3(6.9) Dodging
 + Level 0.9(5.5) Stealth
 + Level 6.5(11.0) Shields
 + Level 0.6(0.3) Invocations


You had 8 spell levels left.
You didn't know any spells.
Your spell library contained the following spells:

 Spells                   Type           Power        Failure   Level  Hunger
 Magic Dart               Conj           #...         63%         1    ##.....
 Shock                    Conj/Air       #...         63%         1    ##.....
 Blink                    Tloc           N/A          77%         2    ###....
 Call Imp                 Summ           #.......     77%         2    ###....
 Slow                     Hex            #.......     77%         2    ###....
 Swiftness                Chrm/Air       #.......     77%         2    ###....
 Conjure Flame            Conj/Fire      #.......     94%         3    ####...
 Mephitic Cloud           Conj/Pois/Air  #.......     94%         3    ####...
 Static Discharge         Conj/Air       #.......     94%         3    ####...
 Airstrike                Air            #.........   100%        4    #####..
 Lightning Bolt           Conj/Air       #.........   100%        5    ######.


Dungeon Overview and Level Annotations

Branches:
Dungeon (10/15)            Temple (1/1) D:5            Lair (0/6) D:9
    Orc: D:9-12

Altars:
Ashenzari
Cheibriados
Dithmenos
Elyvilon
Fedhas
Gozag
Hepliaklqana
Kikubaaqudgha
Makhleb
Nemelex Xobeh
Okawaru
Qazlal
Ru
Sif Muna
Trog
Vehumet
Wu Jian
Xom
Yredelemnul
Zin
The Shining One

Annotations:
D:8 2 transporters, confidenceinterval's ghost, novice MfGl


Innate Abilities, Weirdness & Mutations

You have sharp fingernails.
When hurt, damage is shared between your health and your magic reserves.
You are immune to rotting.
When seriously injured, your bleeding wounds create thick armour. (AC +9)


Message History

The death yak is severely wounded.
The death yak gores you!
* * * LOW HITPOINT WARNING * * *
You hit the death yak but do no damage.
The death yak is severely wounded.
The death yak gores you.
* * * LOW HITPOINT WARNING * * *
There is a stone staircase leading down here.
The death yak gores you but does no damage.
You climb downwards.
There is a stone staircase leading up here.
You gain the combat prowess of a mighty hero.
You block the death yak's attack.
You hit the death yak but do no damage.
The death yak is severely wounded.
You block the death yak's attack.
You hit the death yak.
The death yak is severely wounded.
The death yak gores you!
You die...

.# ###
...#..###
........##
.........##
..........#
......Y@#
....##### .


You could see a death yak.

Vanquished Creatures
  A hornet (D:8)
  2 hippogriffs (D:9)
  A spriggan (D:7)
  A steam dragon (D:6)
  Edmund (D:5)
  A water moccasin (D:7)
  A black bear (D:8)
  2 necrophages
  2 ice beasts
  An orc warrior (D:7)
  A phantom (D:8)
  5 ogres
  4 centaurs
  2 bullfrogs
  A wyvern skeleton (D:9)
  2 scorpions
  A howler monkey (D:8)
  A centaur zombie (D:9)
  A bullfrog zombie (D:9)
  2 orc priests
  4 hounds
  A jelly (D:5)
  2 bullfrog skeletons (D:5)
  A crimson imp (D:5)
  10 orc wizards
  2 centaur skeletons
  2 iguanas
  3 worker ants
  3 hell rats (D:9)
  A howler monkey skeleton (D:8)
  10 adders
  A shadow imp (D:9)
  3 oozes
  An adder skeleton (D:6)
  An adder zombie (D:7)
  A worm (D:2)
  2 dart slugs
  16 orcs
  8 bats
  4 giant cockroaches
  7 hobgoblins
  3 jackals (D:3)
  2 quokkas
  3 ball pythons
  6 frilled lizards
  6 goblins
  9 kobolds
  3 quokka skeletons
  9 rats
157 creatures vanquished.

Vanquished Creatures (others)
  A bullfrog (D:6)
1 creature vanquished.

Grand Total: 158 creatures vanquished

Notes
Turn   | Place    | Note
-------+----------+-------------------------------------------
     0 | D:1      | galech the Demonspawn Fighter began the quest for the Orb.
     0 | D:1      | Reached XP level 1. HP: 18/18 MP: 1/1
   279 | D:1      | Gained mutation: When hurt, damage is shared between your
                  | health and your magic reserves. [demonic ancestry]
   279 | D:1      | Reached XP level 2. HP: 22/24 MP: 2/2
   516 | D:1      | Reached skill level 2 in Axes
   611 | D:1      | Reached XP level 3. HP: 23/29 MP: 3/3
   939 | D:2      | Found an ancient bone altar of Kikubaaqudgha.
  1934 | D:3      | Gained mutation: When seriously injured, your bleeding
                  | wounds create armour. (AC +9) [demonic ancestry]
  1934 | D:3      | Reached XP level 4. HP: 11/35 MP: 2/4
  2952 | D:4      | Gained mutation: When seriously injured, your bleeding
                  | wounds create thick armour. (AC +9) [demonic ancestry]
  2952 | D:4      | Reached XP level 5. HP: 41/41 MP: 5/5
  3108 | D:4      | Found a basalt altar of Yredelemnul.
  3284 | D:4      | Found a snail-covered altar of Cheibriados.
  3284 | D:4      | Found a shimmering altar of Xom.
  3464 | D:5      | Entered Level 5 of the Dungeon
  3464 | D:5      | Found a staircase to the Ecumenical Temple.
  3464 | D:5      | Noticed a necrophage
  3481 | D:5      | Killed a necrophage
  3481 | D:5      | Reached skill level 3 in Axes
  3481 | D:5      | Gained mutation: You have sharp fingernails. [demonic
                  | ancestry]
  3481 | D:5      | Reached XP level 6. HP: 37/48 MP: 4/6
  3553 | Temple   | Entered the Ecumenical Temple
  3599 | Temple   | Became a worshipper of Warmaster Okawaru
  3744 | D:5      | Noticed Edmund
  3759 | D:5      | Killed Edmund
  3759 | D:5      | Reached skill level 4 in Axes
  3870 | D:5      | Reached * piety under Okawaru
  3870 | D:5      | Reached XP level 7. HP: 37/54 MP: 4/7
  4047 | D:5      | Reached skill level 5 in Axes
  4087 | D:5      | Found a white marble altar of Elyvilon.
  4406 | D:6      | Found a hazy altar of Hepliaklqana.
  4496 | D:6      | Found a deep blue altar of Sif Muna.
  4497 | D:6      | Found a burning altar of Makhleb.
  4555 | D:6      | Reached skill level 1 in Dodging
  4762 | D:6      | Reached ** piety under Okawaru
  4802 | D:6      | Gained mutation: You are immune to rotting. [demonic
                  | ancestry]
  4802 | D:6      | Reached XP level 8. HP: 61/61 MP: 8/8
  4807 | D:6      | Found a white marble altar of Elyvilon.
  4822 | D:6      | Reached skill level 6 in Axes
  4852 | D:6      | Found a radiant altar of Vehumet.
  5319 | D:7      | Reached skill level 7 in Axes
  5319 | D:7      | Reached skill level 5 in Shields
  5334 | D:7      | Reached skill level 5 in Fighting
  5543 | D:7      | Reached skill level 5 in Armour
  5671 | D:7      | Found an ornate altar of the Wu Jian Council.
  5703 | D:7      | Reached *** piety under Okawaru
  5865 | D:7      | Reached XP level 9. HP: 57/68 MP: 6/9
  6229 | D:8      | Noticed confidenceinterval's ghost (novice MfGl)
  6239 | D:8      | Found a transporter.
  6241 | D:8      | Found a transporter.
  6254 | D:8      | Noticed a queen bee
  6330 | D:8      | Reached skill level 8 in Axes
  6686 | D:8      | Reached **** piety under Okawaru
  6786 | D:8      | Found a sparkling altar of Nemelex Xobeh.
  6978 | D:9      | Found a blossoming altar of Fedhas.
  7193 | D:9      | Reached skill level 9 in Axes
  7193 | D:9      | Noticed a death yak
  7194 | D:9      | Noticed a death yak
  7199 | D:9      | Noticed a death yak
  7443 | D:9      | Found a staircase to the Lair.
  7799 | D:9      | HP: 3/68 [death yak (3)]
  7804 | D:10     | Entered Level 10 of the Dungeon
  7807 | D:10     | Slain by a death yak

Levels and vault maps discovered:
D:1:      dpeg_arrival_tiny_i, layout_basic, minmay_pentomino_t4
D:2:      layout_basic, old_standard_altar, first_ration
D:3:      minmay_door_path, layout_basic
D:4:      layout_loops_ring, lemuel_doored_altar,
          gammafunk_temple_overflow_statue
D:5:      layout_loops_ring, overflow_temple_1_default,
          minmay_temple_entry_drinking_statues, grunt_tough_drop, uniq_edmund
D:6:      minmay_diamond_boxcup, layout_basic, lemuel_crystal_altar,
          chequers_temple_overflow_statue_of_worship, lemuel_tele_altar
D:7:      layout_rooms, lemuel_round_altar, the_bakery
D:8:      layout_cave_pools, kennysheep_mini_moat, gammafunk_ghost_hive
D:9:      layout_loops_ring, fedhas_bush_and_centaur_altar,
          eat_drink_and_be_merry_uskayaw, dpeg_lair_monsters, hiddenorc1_lemuel
D:10:     layout_cave_pools, minmay_holes, corexii_hall_statues_l,
          uniq_josephine, uniq_grum
Temple:   kb_temple_of_zot

Skill      XL: |  1  2  3  4  5  6  7  8  9 |
---------------+----------------------------+-----
Axes           | 2 3 4 5 7 9 |  9.1
Armour         | 3 4 5 6 |  6.2
Shields        | 3 4 5 6 |  6.5
Fighting       | 4 5 |  5.6
Dodging        | 1 2 |  2.3
Stealth        | |  0.9
Invocations    | |  0.6

Action                   |  1- 3 |  4- 6 |  7- 9 || total
-------------------------+-------+-------+-------++-------
Melee: War axe           |   143 |   185 |   438 ||   766
Invok: Heroism           |       |       |     6 ||     6
  Use: Scroll            |     1 |       |     2 ||     3
 Stab: Distracted        |       |       |     1 ||     1
  Eat: Chunk             |     3 |     7 |    13 ||    23
Armor: Scale mail        |    20 |    37 |       ||    57
       Ring mail         |    64 |       |    64 ||   128
       Chain mail        |       |    46 |   105 ||   151
       Plate armour      |       |       |    51 ||    51
Dodge: Dodged            |    48 |    36 |   113 ||   197
Block: Shield            |    94 |    95 |   231 ||   420

Table legend:
 A = Non-vault XP
 B = Vault XP
 C = Vault XP percentage of total XP
 D = Non-vault monster count
 E = Vault monster count
 F = Vault count percentage of total count
                 A         B        C        D         E       F
            +---------+---------+-------+---------+---------+-------
      Total |    4461 |    1049 |  19.0 |     132 |      26 |  16.5
            +---------+---------+-------+---------+---------+-------
        D:1 |      29 |      13 |  31.0 |      16 |       4 |  20.0
        D:2 |      37 |       0 |   0.0 |      14 |       0 |   0.0
        D:3 |      92 |      18 |  16.4 |      24 |       3 |  11.1
        D:4 |     114 |       0 |   0.0 |       7 |       0 |   0.0
        D:5 |     616 |     240 |  28.0 |      14 |       5 |  26.3
        D:6 |     593 |     347 |  36.9 |       9 |       8 |  47.1
        D:7 |     767 |     224 |  22.6 |      12 |       1 |   7.7
        D:8 |    1013 |       0 |   0.0 |      20 |       0 |   0.0
        D:9 |    1200 |     207 |  14.7 |      16 |       5 |  23.8
            +---------+---------+-------+---------+---------+-------
